 Seeded DCSS version 0.31-a0-963-ga325b2283a (webtiles) character file.

Game seed: 2546108723154378589 (custom seed)

421 Ahpoh the Covered (level 6, -2/50 HPs)
             Began as a Barachi Fighter on Oct 24, 2023.
             Succumbed to a gnoll's poison
             ... on level 5 of the Dungeon.
             The game lasted 00:07:24 (3844 turns).

Ahpoh the Covered (Barachi Fighter)                 Turns: 3844, Time: 00:07:24

Health: -2/50      AC: 10    Str: 18    XL:     6   Next: 94%
Magic:  6/6        EV: 10    Int:  8    God:
Gold:   275        SH:  5    Dex: 13    Spells: 5/5 levels left

rFire   . . .        a - +0 long sword
rCold   . . .        c - +0 buckler
rNeg    . . .        b - +0 scale mail
rPois   .            (no helmet)
rElec   .            f - +0 cloak
rCorr   .            e - +0 pair of gloves
SInv    .            (no boots)
Will    .....        (no amulet) Stlth
                     (no ring)
HPRegen 0.28/turn    (no ring)
MPRegen 0.10/turn

%: no passive effects
@: mighty, lethally poisoned (-2 -> -19), weakened, slow
A: amphibious, slowness 1, strong legs 1, +LOS
a: Hop


You were on level 5 of the Dungeon.
You visited 1 branch of the dungeon, and saw 5 of its levels.

You collected 275 gold pieces.

Inventory:

Hand Weapons
 a - a +0 long sword (weapon)
Armour
 b - a +0 scale mail (worn)
 c - a +0 buckler (worn)
 e - a +0 pair of gloves (worn)
 f - a +0 cloak (worn)
 k - a +0 crystal plate armour
Jewellery
 i - a ring of wizardry
 n - a ring of flight
Scrolls
 g - a scroll of identify
 h - a scroll of teleportation
 l - a scroll of enchant weapon {unknown}
Potions
 d - a potion of degeneration
 o - 2 potions of lignification


   Skills:
 * Level 4.8 Fighting
 * Level 5.4 Long Blades
 * Level 5.6 Armour
 * Level 2.1 Dodging
 * Level 4.2 Shields


You had 5 spell levels left.
You didn't know any spells.
Your spell library contained the following spells:

 Spells                   Type           Power      Damage    Failure   Level
 Necrotise                Necr           0%         1d4       85%         1
 Frozen Ramparts          Ice            0%         1d1       99%         3
 Summon Guardian Golem    Hex/Summ       0%         N/A       99%         3
 Vampiric Draining        Necr           0%         2d6       99%         3
 Petrify                  Tmut/Erth      0%         N/A       100%        4
 Agony                    Necr           0%         N/A       100%        5
 Metabolic Englaciation   Hex/Ice        0%         N/A       100%        5
 Conjure Ball Lightning   Conj/Air       0%         3x3d6     100%        6
 Orb of Destruction       Conj           0%         9d5       100%        7
 Spellforged Servitor     Conj/Summ      0%         N/A       100%        7
 Discord                  Hex            0%         N/A       100%        8
 Disjunction              Tloc           0%         N/A       100%        8


Dungeon Overview and Level Annotations

Branches:
Dungeon (5/15)
 Temple: D:4-7

Altars:
Hepliaklqana
Nemelex Xobeh
Trog
Vehumet
Yredelemnul

Shops:
D:1 ?


Innate Abilities, Weirdness & Mutations

You are amphibious.
You cover ground slowly.
You can hop short distances.
You have an extended range of vision and can be seen from far away.


Message History

The gnoll hits you with a +0 halberd.
Things that are here:
a +0 club; a +0 leather armour; a staff of death You hit the gnoll.
The gnoll is moderately wounded.
The gnoll hits you but does no damage. You block the gnoll's attack.
You closely miss the gnoll.
The gnoll is moderately wounded.
You block the gnoll's attack.
You hit the gnoll.
The gnoll is severely wounded.
The gnoll hits you but does no damage.
You hit the gnoll.
The gnoll is almost dead.
The gnoll is no longer moving quickly.
The gnoll barely misses you.
You slash the gnoll!
You kill the gnoll!
You slash the gnoll!
The gnoll is almost dead.
The gnoll hits you with a +0 club.
You slash the gnoll!
You kill the gnoll!
You hit the gnoll.
The gnoll is heavily wounded.
The gnoll hits you but does no damage.
You are poisoned.
The gnoll closely misses you.
You hit the gnoll.
The gnoll is heavily wounded.
You feel very sick. You block the gnoll's attack.
You hit the gnoll.
The gnoll is severely wounded.
You feel very sick.
The gnoll hits you with a +2 flail of venom!
* * * LOW HITPOINT WARNING * * *
You are more poisoned.
You slash the gnoll!
You kill the gnoll!
You die...

### ### #.# #.. #.#
#.# #.# #.# #.# #.#
##.#####.# #.#
#####...#....#######
#.#
................@).#
#.#
#####...#.########.#
#.# #..(...# #)# #.#
#......# #.####.###
#......# #........#
#......# #######..#
#......# #..#
##.###.# #..# ...
..# #..#


There were no monsters in sight!

Vanquished Creatures
  A scorpion (D:5)
  Crazy Yiuf (D:2)
  A hound (D:4)
  A gnoll bouda (D:5)
  An orc priest (D:4)
  Jessica (D:2)
  Natasha (D:2)
  2 orc wizards
  7 gnolls
  3 adders (D:4)
  2 ufetubi (D:5)
  3 worms
  5 orcs
  An endoplasm (D:1)
  2 giant cockroaches
  A goblin (D:1)
  4 hobgoblins
  A quokka (D:4)
  4 ball pythons
  3 bats
  6 frilled lizards
  3 kobolds
  3 rats
57 creatures vanquished.

Notes
Turn   | Place    | Note
-------+----------+-------------------------------------------
     0 | D:1      | Ahpoh the Barachi Fighter began the quest for the Orb.
     0 | D:1      | Reached XP level 1. HP: 18/18 MP: 1/1
   203 | D:1      | Found Tyugio's Magic Scroll Shop.
   259 | D:1      | Found a faded altar of an unknown god.
   259 | D:1      | Noticed a shadow demon
   778 | D:2      | Reached XP level 2. HP: 25/25 MP: 2/2
  1148 | D:2      | Found a runed translucent door.
  1149 | D:2      | Noticed Crazy Yiuf
  1203 | D:2      | Noticed Natasha
  1231 | D:2      | Killed Natasha
  1232 | D:2      | Reached XP level 3. HP: 26/30 MP: 3/3
  1272 | D:2      | Noticed Jessica
  1277 | D:2      | Killed Jessica
  1278 | D:2      | Reached XP level 4. HP: 37/37 MP: 4/4
  1460 | D:2      | Killed Crazy Yiuf
  1461 | D:2      | Reached skill level 1 in Dodging
  1819 | D:3      | Found a hazy altar of Hepliaklqana.
  2031 | D:3      | Found a sparkling altar of Nemelex Xobeh.
  2135 | D:3      | Reached XP level 5. HP: 42/42 MP: 5/5
  3182 | D:4      | Found a radiant altar of Vehumet.
  3241 | D:4      | Found a basalt altar of Yredelemnul.
  3253 | D:4      | Found a bloodstained altar of Trog.
  3454 | D:5      | Entered Level 5 of the Dungeon
  3463 | D:4      | Reached skill level 5 in Armour
  3463 | D:4      | Reached XP level 6. HP: 41/49 MP: 6/6
  3474 | D:5      | Reached skill level 5 in Long Blades
  3843 | D:5      | HP: 1/50 [gnoll/+2 flail of venom[a gnoll bouda] (10)]
  3844 | D:5      | Succumbed to a gnoll's poison

Illustrated notes

Levels and vault maps discovered:
D:1:      dpeg_arrival_three_smaller_balls, layout_basic, serial_shops, shop,
          dreamdust_ecumenical_altar_sealed_demon
D:2:      layout_loops_cross, uniq_crazy_yiuf_cottage, uniq_jessica,
          uniq_natasha
D:3:      layout_loops_ring, nemelex_xobeh_ov_fountains_minmay,
          marbit_many_paths, serial_glass, glass_columns_b, glass_columns_a,
          moated_statue
D:4:      layout_basic, lemuel_round_altar, mainiacjoe_overflow_catch_the_wave
D:5:      wad_lake_hut, layout_loops_ring, makhleb_blood_cavern_becter,
          lemuel_tele_altar, kennysheep_generic_room_3

Skill      XL: |  1  2  3  4  5  6 |
---------------+-------------------+-----
Fighting       | 4 |  4.8
Long Blades    | 3 4 5 |  5.4
Armour         | 4 5 |  5.6
Dodging        | 1 2 |  2.1
Shields        | 4 |  4.2

Action                     |  1- 3 |  4- 6 || total
---------------------------+-------+-------++-------
  Melee: Long sword        |    57 |   217 ||   274
Ability: Hop               |       |     1 ||     1
    Use: Potion            |     3 |     7 ||    10
         Scroll            |       |     8 ||     8
 Armour: Scale mail        |    50 |   166 ||   216
         Crystal plate arm |       |     2 ||     2
  Dodge: Dodged            |    32 |   137 ||   169
  Block: Buckler           |    14 |    70 ||    84

Table legend: (Time is in decaauts)
 A = Elapsed time spent in this place.
 B = Non-inter-level travel time spent in this place.
 C = Inter-level travel time spent in this place.
 D = Time resting spent in this place.
 E = Time spent auto-exploring this place.
 F = Levels seen in this place.
 G = Mean time per level.
                   A        B        C        D        E       F      G
               +--------+--------+--------+--------+--------+-----+--------+
         Total |   4475 |   4354 |    121 |    270 |   2988 |   5 |  895.0 |
       Dungeon |   4475 |   4354 |    121 |    270 |   2988 |   5 |  895.0 |
               +--------+--------+--------+--------+--------+-----+--------+

Top non-repeatable levels by time:
     D:4: 1209 daAuts
     D:3: 1133 daAuts
     D:2: 1008 daAuts
     D:1: 848 daAuts
     D:5: 276 daAuts
